 Dungeon Sprint DCSS version 0.17-a0-1184-gb75be8f (webtiles) character file.

126 Kidiri the Reanimator (level 4, -14/24 HPs)
             Began as a Deep Elf Necromancer on June 1, 2015.
             Killed from afar by a wizard (38 damage)
             ... with a crystal spear
             ... in the Dungeon (Sprint III: "The Ten Rune Challenge").
             The game lasted 00:03:05 (611 turns).

Kidiri the Reanimator (Deep Elf Necromancer)         Turns: 611, Time: 00:03:10

Health: -14/24     AC:  5    Str:  5    XL:     4   Next: 84%
Magic:  11/15      EV: 15    Int: 21    God:
Gold:   22         SH:  0    Dex: 17    Spells: 4 memorised, 10 levels left

rFire  . . .     SeeInvis .     l - +0 club
rCold  . . .     Rnd*Rage +     a - +0 robe
rNeg   . . .     SustAt   .     (no shield)
rPois  .         Gourm    .     (no helmet)
rElec  .         Spirit   .     (no cloak)
rCorr  .         Warding  .     (no gloves)
rMut   .         NoTele   +     k - +0 pair of boots
MR     .....                    (no amulet)
Stlth  ++++......               (no ring)
                                (no ring)

@: not resistant to hostile enchantments, stealthy
A: icy blue scales 1, molten scales 1, thin skeletal structure 1, berserk 1,
mutation resistance 1
a: no special abilities


You were in the Dungeon.
You were not hungry.

You visited 1 branch You collected 22 gold pieces.

Inventory:

Hand weapons
 l - a +0 club (weapon)
Armour
 a - a +0 robe (worn)
 k - a +0 pair of boots (worn)
Scrolls
 i - a scroll of blinking
 m - a scroll of holy word {unknown}
 n - a scroll of identify {unknown}
 o - a scroll of immolation {unknown}
 r - a scroll of torment {unknown}
 s - a scroll of amnesia {unknown}
 t - a scroll of remove curse {unknown}
Potions
 d - 2 potions of curing
 e - a potion of heal wounds
 f - a potion of haste
 g - 2 potions of magic
 u - a potion of degeneration {unknown}
 v - a potion of flight {unknown}
Books
 b - a book of Necromancy

   Spells                             Type                      Level
   a - Pain                           Necromancy                   1
   b - Animate Skeleton               Necromancy                   1
   c - Vampiric Draining              Necromancy                   3
   d - Regeneration                   Charms/Necromancy            3
   e - Animate Dead                   Necromancy                   4
   f - Control Undead                 Necromancy                   4
Comestibles
 c - 2 bread rations
 p - 4 fruits


   Skills:
 + Level 5.1 Dodging
 + Level 5.8 Stealth
 * Level 7.6 Spellcasting
 * Level 8.3 Necromancy


You had 10 spell levels left.
You knew the following spells:

 Your Spells              Type           Power        Failure   Level  Hunger
a - Pain                  Necr           ####         1%          1    None
b - Animate Skeleton      Necr           N/A          1%          1    None
c - Vampiric Draining     Necr           #####.....   1%          3    None
d - Regeneration          Chrm/Necr      ####......   4%          3    None


Dungeon Overview and Level Annotations

Branches:
Dungeon (1/1)

Altars:
Kikubaaqudgha
Sif Muna
Vehumet


Innate Abilities, Weirdness & Mutations

You are partially covered in icy blue scales (AC +1).
You are partially covered in molten scales (AC +1).
You have a somewhat thin skeletal structure (Dex +2, Stealth).
You tend to lose your temper in combat.
You are somewhat resistant to further mutation.


Message History

The kobold demonologist shouts!
The wizard closely misses you.
Casting: Animate Skeleton
Confirm with . or Enter, or press ? or * to list all spells.
Aiming: Pain
Press: ? - help, Shift-Dir - straight line, f - wizard
Aim: a wizard, wielding a dagger and wearing a robe (chance to defeat MR: 54%)
The wizard convulses in agony!
The wizard misses you.
Casting: Pain
Confirm with . or Enter, or press ? or * to list all spells.
Aiming: Vampiric Draining
Press: ? - help, Shift-Dir - straight line, f/p - wizard
Aim: a wizard, wielding a dagger and wearing a robe (moderately wounded)
The wizard is moderately wounded.
You feel life coursing into your body.
The kobold demonologist hits you but does no damage.
The wizard points at you and mumbles some strange words.
The crystal spear hits you!
Ouch! That really hurt!
You die...

#..#......♣ ♣♣.#
####....♣♣♣ ♣..#
...#....≈.♣♣♣♣.###+#+###+
...#...≈≈♣♣♣.♣.#.........
..(#..≈≈≈≈..♣..'.⌠.......
##'#..≈≈≈≈≈≈.♣.#...######
...#.≈≈≈≈≈≈...[#.⌠.#
...#.≈≈≈≈≈.....#...#
...#.≈≈≈.......#@###
####...........#Kp:#
...............#___#
▓▓▓▓▓▓▓▓▓▓▓▓▓▓▓▓▓▓▓▓


You could see a wizard and a kobold demonologist.

Vanquished Creatures
  A water elemental (D)
  Jessica (D)
  A wolf (D)
  A human (D)
  An ooze (D)
  2 rats (D)
7 creatures vanquished.

Vanquished Creatures (others)
  2 draconian scorchers (D)
  2 fire drakes (D)
  A yaktaur (D)
  3 plants (D)
8 creatures vanquished.

Grand Total: 15 creatures vanquished

Notes
Turn   | Place    | Note
--------------------------------------------------------------
     0 | D        | Kidiri the Deep Elf Necromancer began the quest for the Orb.
     0 | D        | Reached XP level 1. HP: 10/10 MP: 6/6
     3 | D        | Reached skill level 5 in Necromancy
    13 | D        | Learned a level 1 spell: Animate Skeleton
   127 | D        | Killed a fire drake
   170 | D        | Killed a yaktaur
   237 | D        | Killed a fire drake
   242 | D        | Noticed Jessica
   244 | D        | Killed Jessica
   244 | D        | Reached skill level 5 in Spellcasting
   244 | D        | Reached skill level 6 in Necromancy
   244 | D        | Reached XP level 2. HP: 13/15 MP: 6/10
   244 | D        | Reached XP level 3. HP: 16/19 MP: 6/11
   250 | D        | Learned a level 3 spell: Vampiric Draining
   254 | D        | Learned a level 3 spell: Regeneration
   336 | D        | Noticed a wolf
   342 | D        | Killed a wolf
   342 | D        | Reached skill level 7 in Necromancy
   345 | D        | Killed a white draconian scorcher
   351 | D        | Reached skill level 5 in Stealth
   351 | D        | Reached XP level 4. HP: 17/24 MP: 5/14
   417 | D        | Your ally Jessica died
   418 | D        | Noticed a water elemental
   434 | D        | Killed a water elemental
   434 | D        | Reached skill level 5 in Dodging
   434 | D        | Reached skill level 8 in Necromancy
   517 | D        | Killed a white draconian scorcher
   524 | D        | Gained mutation: Potions and wands are less effective at restoring your health. [potion of mutation]
   524 | D        | Gained mutation: You expend magic power (3 MP) to strengthen your wands. [potion of mutation]
   524 | D        | Gained mutation: You are frail (-10% HP). [potion of mutation]
   525 | D        | Lost mutation: You expend magic power (3 MP) to strengthen your wands. [potion of cure mutation]
   525 | D        | Lost mutation: Potions and wands are less effective at restoring your health. [potion of cure mutation]
   525 | D        | Lost mutation: You are frail (-10% HP). [potion of cure mutation]
   526 | D        | Gained mutation: You tend to lose your temper in combat. [potion of mutation]
   526 | D        | Gained mutation: You have a somewhat thin skeletal structure (Dex +2, Stealth). [potion of mutation]
   526 | D        | Gained mutation: You are partially covered in molten scales (AC +1). [potion of mutation]
   527 | D        | Gained mutation: You are partially covered in icy blue scales (AC +1). [potion of mutation]
   527 | D        | Gained mutation: You are somewhat resistant to further mutation. [potion of mutation]
   607 | D        | Found a radiant altar of Vehumet.
   607 | D        | Found a deep blue altar of Sif Muna.
   607 | D        | Found an ancient bone altar of Kikubaaqudgha.
   607 | D        | Noticed a wizard
   611 | D        | Killed from afar by a wizard

Vault maps used:
D:        dungeon_sprint_mu

Action                   |  1- 3 |  4- 6 || total
-------------------------+-------+-------++-------
Melee: Club              |       |     7 ||     7
 Cast: Pain              |    14 |     2 ||    16
       Animate Skeleton  |     3 |     1 ||     4
       Vampiric Draining |       |     1 ||     1
  Use: Potion            |       |     5 ||     5
 Stab: Sleeping          |       |     1 ||     1
